 Dungeon Crawl Stone Soup version 0.31.0-1-g2c135a0 (webtiles) character file.

Game seed: 14238513407266871003

11949 jagoly the Cleaver (level 11, -13/68 HPs)
             Began as a Gargoyle Monk on Feb 2, 2024.
             Was an Elder of Sif Muna.
             Engulfed by a cloud of flame (27 damage)
             ... on level 10 of the Dungeon.
             The game lasted 00:58:25 (6117 turns).

jagoly the Cleaver (Gargoyle Monk)                  Turns: 6117, Time: 00:58:26

Health: -13/68     AC: 29    Str: 17    XL:     11   Next: 85%
Magic:  10/17      EV: 12    Int: 13    God:    Sif Muna [****..]
Gold:   434        SH:  0    Dex: 12    Spells: 11/18 levels left

rFire   . . .        r - +1 trident (protect)
rCold   . . .        d - orb {light}
rNeg    + + .        S - +0 steam dragon scales
rPois   ∞            M - +2 hat
rElec   +            J - +0 cloak
rCorr   .            t - +0 pair of gloves of Wisdom {rElec}
SInv    .            (no boots)
Will    .....        (no amulet)
Stlth   +            n - +4 ring of protection
HPRegen 0.31/turn    R - ring of positive energy
MPRegen 0.15/turn

%: no passive effects
@: confused, ambrosia-drunk, marked, under a protective aura, glowing
A: sickness immunity, AC +8, negative energy resistance 1, electricity
resistance, torment resistance 1, petrification resistance
a: Renounce Religion, Channel Magic, Forget Spell, Divine Exegesis


You were on level 10 of the Dungeon.
You worshipped Sif Muna.
Sif Muna was greatly pleased with you.
You visited 2 branches of the dungeon, and saw 13 of its levels.
You also visited: Ossuary.

You collected 710 gold pieces.
You spent 276 gold pieces at shops.

Inventory:

Hand Weapons
 r - a +1 trident of protection (weapon)
 H - a +4 sling
 O - a +0 war axe
 P - a +0 dire flail
 X - a +3 mace of protection
 Z - a +2 battleaxe
Missiles
 a - 5 darts of dispersal
 l - 93 stones (quivered)
 q - 3 throwing nets
 v - 4 boomerangs
 L - 3 javelins
 T - 17 poisoned darts
 U - a curare-tipped dart
Armour
 d - an orb of light (worn)
 t - the +0 pair of gloves of Wisdom (worn) {rElec}
   (You found it on level 4 of the Dungeon)

   rElec:     It insulates you from electricity.
 J - a +0 cloak (worn)
 M - a +2 hat (worn)
 S - +0 steam dragon scales (worn)
 W - a +0 leather armour of fire resistance
Jewellery
 g - a ring of see invisible
 n - a +4 ring of protection (left hand)
 R - a ring of positive energy (right hand)
Wands
 k - a wand of mindburst (7)
 p - a wand of paralysis (11)
 w - a wand of polymorph (7)
 K - a wand of flame (58)
Scrolls
 b - a scroll of poison {unknown}
 h - 3 scrolls of immolation
 m - 2 scrolls of fear {unknown}
 s - 2 scrolls of revelation
 u - 3 scrolls of teleportation
 x - 3 scrolls of enchant weapon
 y - a scroll of vulnerability {unknown}
 F - a scroll of blinking {unknown}
 G - 5 scrolls of amnesia
 I - a scroll of silence {unknown}
 N - a scroll of enchant armour {unknown}
 Q - 2 scrolls of fog
Potions
 e - 2 potions of might
 f - a potion of berserk rage
 i - 2 potions of heal wounds
 j - 2 potions of magic {unknown}
 o - 3 potions of mutation {unknown}
 z - 2 potions of cancellation {unknown}
 A - 2 potions of resistance {unknown}
 B - 2 potions of haste
 C - 4 potions of curing
 D - a potion of enlightenment {unknown}
 E - a potion of invisibility {unknown}
 V - a potion of lignification {unknown}
 Y - a potion of brilliance {unknown}


   Skills:
 + Level 8.1 Fighting
 - Level 10.0 Axes
 - Level 2.0 Throwing
 + Level 6.1 Armour
 + Level 3.2 Dodging
 - Level 2.0 Stealth
 - Level 4.0 Spellcasting
 - Level 8.0 Conjurations
 - Level 10.0 Earth Magic


You had 11 spell levels left.
You knew the following spells:

 Your Spells              Type           Power      Damage    Failure   Level
a - Sandblast             Erth           56%        2d13      1%          1
c - Stone Arrow           Conj/Erth      52%        3d10      1%          3
w - Passwall              Erth           28%        N/A       1%          3

Your spell library contained the following spells:

 Spells                   Type           Power      Damage    Failure   Level
 Shock                    Conj/Air       52%        1d6       4%          1
 Brom's Barrelling Bould  Conj/Erth      26%        2d5       4%          4
 Static Discharge         Conj/Air       26%        3-5/arc   6%          2
 Dazzling Flash           Conj/Hex       26%        N/A       12%         3
 Mephitic Cloud           Conj/Alch/Air  9%         N/A       22%         3
 Scorch                   Fire           4%         2d5       30%         2
 Flame Wave               Conj/Fire      13%        2d6       36%         4
 Iskenderun's Mystic Bla  Conj/Tloc      13%        2d5       36%         4
 Fugue of the Fallen      Necr           2%         N/A       52%         3
 Ozocubu's Armour         Ice            2%         N/A       52%         3
 Swiftness                Air            2%         N/A       52%         3
 Tukima's Dance           Hex            2%         N/A       52%         3
 Arcjolt                  Conj/Air       6%         1d16      73%         5
 Airstrike                Air            1%         2d(1-17)  90%         4
 Dimensional Bullseye     Hex/Tloc       1%         N/A       90%         4
 Manifold Assault         Tloc           2%         N/A       90%         4
 Summon Lightning Spire   Summ/Air       2%         N/A       90%         4
 Vhi's Electric Charge    Tloc/Air       4%         N/A       90%         4
 Curse of Agony           Necr           2%         N/A       99%         5
 Silence                  Hex/Air        1%         N/A       99%         5
 Summon Cactus Giant      Summ           1%         N/A       100%        6
 Maxwell's Capacitive Co  Air            1%         ∞         100%        8


Dungeon Overview and Level Annotations

Branches:
Dungeon (12/15) Zot: 25653  Temple (1/1) D:6 Zot: 5979     Orc (0/2) D:10
Ossuary (visited)
   Lair: D:8-11

Altars:
Ashenzari
Cheibriados
Dithmenos
Elyvilon
Fedhas
Gozag
Hepliaklqana
Kikubaaqudgha
Makhleb
Nemelex Xobeh
Qazlal
Ru
Sif Muna
Trog
Uskayaw
Vehumet
Wu Jian
Xom
Yredelemnul
Zin
The Shining One

Shops:
D:11 !?[:


Innate Abilities, Weirdness & Mutations

You are immune to sickness and miasma.
Your stone body is resilient. (AC +8)
You are immune to poison.
You resist negative energy. (rN+)
You are resistant to electric shocks. (rElec)
You are resistant to unholy torment.
You are immune to petrification.


Message History

Press: ? - help, Shift-Dir - straight line, f - two-headed ogre
Aim: a two-headed ogre, wielding a +0 dire flail and a +0 giant club (haloed, 93% to hit)
Okay, then.
Throw: 6 darts (disperse)
Press: ? - help, Shift-Dir - straight line, f - two-headed ogre
Aim: a two-headed ogre, wielding a +0 dire flail and a +0 giant club (haloed, 93% to hit)
You throw a dart of dispersal.
The dart of dispersal hits the two-headed ogre.
The two-headed ogre blinks!
There is a stone staircase leading up here.
You climb upwards.
There is a stone staircase leading down here.
Things that are here:
a +0 hand axe; a +0 short sword You see here a +0 dagger.
Things that are here:
a +0 hand axe; a +0 leather armour; a +0 flail You can no longer call upon Sif Muna to cast any spell from your library.
Found a gold wand.
p - a wand of paralysis (11)
You see here a +0 club.
You see here a yak skeleton.
There is a stone staircase leading down here.
You climb downwards.
Level annotation: Harold
There is a stone staircase leading up here.
Throw: 14 darts (poison)
Press: ? - help, Shift-Dir - straight line, f - two-headed ogre
Aim: a two-headed ogre, wielding a +0 dire flail and a +0 giant club (75% to hit)
You throw a poisoned dart.
The poisoned dart hits the two-headed ogre.
The two-headed ogre is poisoned.
Throw: 13 darts (poison)
Press: ? - help, Shift-Dir - straight line, f/p - two-headed ogre
Aim: a two-headed ogre, wielding a +0 dire flail and a +0 giant club (poisoned, 75% to hit)
You throw a poisoned dart.
The poisoned dart hits the two-headed ogre.
The two-headed ogre looks even sicker.
Throw: 12 darts (poison)
Press: ? - help, Shift-Dir - straight line, f/p - two-headed ogre
Aim: a two-headed ogre, wielding a +0 dire flail and a +0 giant club (very poisoned, 75% to hit)
You throw a poisoned dart.
The poisoned dart barely misses the two-headed ogre.
Throw: 11 darts (poison)
Press: ? - help, Shift-Dir - straight line, f/p - two-headed ogre
Aim: a two-headed ogre, wielding a +0 dire flail and a +0 giant club (very poisoned, 75% to hit)
You throw a poisoned dart.
The poisoned dart hits the two-headed ogre.
Throw: 10 darts (poison)
Press: ? - help, Shift-Dir - straight line, f/p - two-headed ogre
Aim: a two-headed ogre, wielding a +0 dire flail and a +0 giant club (very poisoned, haloed, 93% to hit)
You throw a poisoned dart.
The poisoned dart hits the two-headed ogre.
The two-headed ogre looks even sicker.
Cast which spell? (? or * to list)
Aiming: Stone Arrow (dangerous; 3% risk of failure)
Press: ? - help, Shift-Dir - straight line, f/p - two-headed ogre
Aim: a two-headed ogre, wielding a +0 dire flail and a +0 giant club (lightly wounded, very poisoned, haloed, 91% to hit)
The stone arrow hits the two-headed ogre!
The two-headed ogre is moderately wounded.
Cast which spell? (? or * to list)
Aiming: Stone Arrow (dangerous; 3% risk of failure)
Press: ? - help, Shift-Dir - straight line, f/p - two-headed ogre
Aim: a two-headed ogre, wielding a +0 dire flail and a +0 giant club (moderately wounded, very poisoned, haloed, 91% to hit)
The stone arrow hits the two-headed ogre!
The two-headed ogre is heavily wounded.
The two-headed ogre hits you with a +0 dire flail.
The two-headed ogre hits you but does no damage.
Cast which spell? (? or * to list)
Aiming: Stone Arrow (dangerous; 3% risk of failure)
Press: ? - help, Shift-Dir - straight line, f/p - two-headed ogre
Aim: a two-headed ogre, wielding a +0 dire flail and a +0 giant club (heavily wounded, very poisoned, haloed, 91% to hit)
The stone arrow misses the two-headed ogre.
Cast which spell? (? or * to list)
Aiming: Stone Arrow (dangerous; 3% risk of failure)
Press: ? - help, Shift-Dir - straight line, f/p - two-headed ogre
Aim: a two-headed ogre, wielding a +0 dire flail and a +0 giant club (heavily wounded, very poisoned, haloed, 91% to hit)
The stone arrow hits the two-headed ogre!
The two-headed ogre is severely wounded.
The two-headed ogre hits you with a +0 dire flail!
The two-headed ogre hits you but does no damage.
Cast which spell? (? or * to list)
Aiming: Stone Arrow (dangerous; 3% risk of failure)
Press: ? - help, Shift-Dir - straight line, f/p - two-headed ogre
Aim: a two-headed ogre, wielding a +0 dire flail and a +0 giant club (severely wounded, very poisoned, haloed, 91% to hit)
The stone arrow hits the two-headed ogre!!
You kill the two-headed ogre!
Sif Muna accepts your kill.
Your Conjurations skill increases to level 5!
Things that are here:
a +0 dire flail; a +0 giant club You pick up a book of Storms and begin reading...
You add the spells Static Discharge and Summon Lightning Spire to your library.
T - 10 poisoned darts (gained 1)
T - 11 poisoned darts (gained 1)
T - 12 poisoned darts (gained 1)
T - 13 poisoned darts (gained 1)
T - 14 poisoned darts (gained 1)
You now have 408 gold pieces (gained 8).
l - 93 stones (gained 5)
Found 13 gold pieces.
You now have 421 gold pieces (gained 13).
You now have 434 gold pieces (gained 13).
q - a curare-tipped dart
T - 15 poisoned darts (gained 1)
T - 16 poisoned darts (gained 1)
T - 17 poisoned darts (gained 1)
There is a stone staircase leading up here.
You see here a +0 shortbow.
Found Maxwell's Memoranda.
You pick up Maxwell's Memoranda and begin reading...
You add the spells Vhi's Electric Charge, Arcjolt and Maxwell's Capacitive Coupling to your library.
Harold shouts!
Harold fires a harpoon shot at you. The harpoon shot hits you.
You are yanked forward by the harpoon shot.
Harold hits you with a +0 trident.
Throw: dart (curare)
Press: ? - help, Shift-Dir - straight line, f - Harold
Aim: Harold, wielding a +0 trident, wearing a +0 chain mail, quivering 3 throwing nets and carrying a wand of polymorph (haloed, 93% to hit)
You throw a curare-tipped dart. The curare-tipped dart hits Harold.
Harold is poisoned.
Harold struggles to breathe.
Harold seems to slow down.
Harold is lightly wounded.
Harold hits you but does no damage.
Aiming: Paralyse
Press: ? - help, Shift-Dir - straight line, f/p - Harold
Aim: Harold, wielding a +0 trident, wearing a +0 chain mail, quivering 3 throwing nets and carrying a wand of polymorph (lightly wounded, very poisoned, slow, haloed, chance to affect: 17%)
Okay, then.
Reach: r) +1 trident (protect)
Press: ? - help, Dir - move target, f/p - Harold
Aim: Harold, wielding a +0 trident, wearing a +0 chain mail, quivering 3 throwing nets and carrying a wand of polymorph (lightly wounded, very poisoned, slow, haloed, about 6% to evade your +1 trident of protection)
You barely miss Harold.
Harold is lightly wounded.
Reach: r) +1 trident (protect)
Press: ? - help, Dir - move target, f/p - Harold
Aim: Harold, wielding a +0 trident, wearing a +0 chain mail, quivering 3 throwing nets and carrying a wand of polymorph (lightly wounded, very poisoned, slow, haloed, about 6% to evade your +1 trident of protection)
You puncture Harold!
Your weapon exudes an aura of protection.
Harold is moderately wounded.
Harold hits you but does no damage.
Cast which spell? (? or * to list)
Aiming: Stone Arrow (dangerous; 2% risk of failure)
Press: ? - help, Shift-Dir - straight line, f/p - Harold
Aim: Harold, wielding a +0 trident, wearing a +0 chain mail, quivering 3 throwing nets and carrying a wand of polymorph (moderately wounded, very poisoned, slow, haloed, 91% to hit)
The stone arrow hits Harold.
Harold is moderately wounded.
Harold hits you but does no damage.
Cast which spell? (? or * to list)
Aiming: Stone Arrow (dangerous; 2% risk of failure)
Press: ? - help, Shift-Dir - straight line, f/p - Harold
Aim: Harold, wielding a +0 trident, wearing a +0 chain mail, quivering 3 throwing nets and carrying a wand of polymorph (moderately wounded, very poisoned, slow, haloed, 91% to hit)
The stone arrow hits Harold!
Harold is moderately wounded.
Cast which spell? (? or * to list)
Aiming: Stone Arrow (dangerous; 2% risk of failure)
Press: ? - help, Shift-Dir - straight line, f/p - Harold
Aim: Harold, wielding a +0 trident, wearing a +0 chain mail, quivering 3 throwing nets and carrying a wand of polymorph (moderately wounded, very poisoned, slow, haloed, 91% to hit)
The stone arrow hits Harold!
Harold is heavily wounded.
Harold hits you with a +0 trident!
Cast which spell? (? or * to list)
Aiming: Stone Arrow (dangerous; 2% risk of failure)
Press: ? - help, Shift-Dir - straight line, f/p - Harold
Aim: Harold, wielding a +0 trident, wearing a +0 chain mail, quivering 3 throwing nets and carrying a wand of polymorph (heavily wounded, very poisoned, slow, haloed, 91% to hit)
Okay, then.
Reach: r) +1 trident (protect)
Press: ? - help, Dir - move target, f/p - Harold
Aim: Harold, wielding a +0 trident, wearing a +0 chain mail, quivering 3 throwing nets and carrying a wand of polymorph (heavily wounded, very poisoned, slow, haloed, about 6% to evade your +1 trident of protection)
You hit Harold.
Your weapon exudes an aura of protection.
Harold is heavily wounded.
Harold closely misses you.
Cast which spell? (? or * to list)
Aiming: Stone Arrow (dangerous; 2% risk of failure)
Press: ? - help, Shift-Dir - straight line, f/p - Harold
Aim: Harold, wielding a +0 trident, wearing a +0 chain mail, quivering 3 throwing nets and carrying a wand of polymorph (heavily wounded, poisoned, slow, haloed, 91% to hit)
The stone arrow hits Harold!
Harold is severely wounded.
Cast which spell? (? or * to list)
Aiming: Stone Arrow (dangerous; 2% risk of failure)
Press: ? - help, Shift-Dir - straight line, f/p - Harold
Aim: Harold, wielding a +0 trident, wearing a +0 chain mail, quivering 3 throwing nets and carrying a wand of polymorph (severely wounded, poisoned, slow, haloed, 91% to hit)
The stone arrow misses Harold.
Harold gestures at you while chanting. A sentinel's mark forms upon you.
Aiming: Mindburst
Press: ? - help, Shift-Dir - straight line, f/p - Harold
Aim: Harold, wielding a +0 trident, wearing a +0 chain mail, quivering 3 throwing nets and carrying a wand of polymorph (severely wounded, poisoned, slow, haloed, chance to affect: 29%)
Okay, then.
Okay, then.
You are illuminated by a small divine halo.
A sentinel's mark is revealing your location to enemies.
You are glowing.
Your movement speed is average.
Your attack delay is about 0.9.
Your damage rating with your +1 trident of protection is about 14 (Base 9 x 117% (Str) x 126% (Skill) + 1 (Ench)).
Unknown command.
Unknown command.
Unknown command.
Press: ? - help, v - describe, . - travel, g - get item
Here: Harold, wielding a +0 trident, wearing a +0 chain mail, quivering 3 throwing nets and carrying a wand of polymorph (severely wounded, poisoned, slow, haloed) Item here: a curare-tipped dart.
The floor, spattered with blood.
Reach: r) +1 trident (protect)
Press: ? - help, Dir - move target, f/p - Harold
Aim: Harold, wielding a +0 trident, wearing a +0 chain mail, quivering 3 throwing nets and carrying a wand of polymorph (severely wounded, poisoned, slow, haloed, about 6% to evade your +1 trident of protection)
You puncture Harold!
Your weapon exudes an aura of protection.
Harold is almost dead.
Harold is no longer moving slowly.
Harold looks eager to get this over with.
Harold gestures at you while chanting. The mark upon you grows brighter.
Cast which spell? (? or * to list)
Aiming: Stone Arrow (dangerous; 2% risk of failure)
Press: ? - help, Shift-Dir - straight line, f/p - Harold
Aim: Harold, wielding a +0 trident, wearing a +0 chain mail, quivering 3 throwing nets and carrying a wand of polymorph (almost dead, poisoned, haloed, 91% to hit)
The stone arrow hits Harold!
Harold is almost dead.
* * * LOW MAGIC WARNING * * *
Harold closely misses you.
Reach: r) +1 trident (protect)
Press: ? - help, Dir - move target, f/p - Harold
Aim: Harold, wielding a +0 trident, wearing a +0 chain mail, quivering 3 throwing nets and carrying a wand of polymorph (almost dead, poisoned, haloed, about 6% to evade your +1 trident of protection)
You hit Harold but do no damage.
Harold is almost dead.
Harold points at you and mumbles some strange words.
The mark upon you grows brighter.
Reach: r) +1 trident (protect)
Press: ? - help, Dir - move target, f/p - Harold
Aim: Harold, wielding a +0 trident, wearing a +0 chain mail, quivering 3 throwing nets and carrying a wand of polymorph (almost dead, poisoned, haloed, about 6% to evade your +1 trident of protection)
You hit Harold but do no damage.
Harold is almost dead.
Harold zaps a wand.
You turn into a sentient fungus.
Your +1 trident of protection melds into your body.
Your +0 cloak melds into your body.
Your +2 hat melds into your body.
The +0 pair of gloves of Wisdom {rElec} melds into your body.
Your orb of light melds into your body.
Your +0 steam dragon scales melds into your body.
Your +1 trident of protection goes still.
You release spores at Harold but do no damage.
Harold appears confused.
Harold is almost dead.
Harold completely misses you.
You release spores at Harold but do no damage.
Harold is almost dead.
You strike the helpless Harold from behind!
You release spores at Harold.
Harold is almost dead.
You release spores at Harold.
You kill Harold!
Sif Muna accepts your kill.
You can now call upon Sif Muna to cast any spell from your library.
Your Conjurations skill increases to level 6!
q - 3 throwing nets;
w - a wand of polymorph (7)
Things that are here:
a +0 trident; a +0 chain mail; the human corpse of Harold Your pack is full.
You see here a curare-tipped dart.
You can't carry that many items.
You drop a +3 flail.
U - a curare-tipped dart
Things that are here:
a +0 trident; a +0 chain mail; the human corpse of Harold You're too terrified to move while being watched!
You can't do that in your present form.
Unknown command.
You can't do that in your present form.
You are a sentient fungus.
A sentinel's mark is revealing your location to enemies.
Your movement speed is average.
Your attack delay is about 0.7.
Your damage rating with unarmed combat is about 19 (Base [15 + 0 (UC)] x 117% (Str) x 113% (Fight)).
Unknown command.
Unknown command.
Okay, then.
Your transformation is almost over.
You release spores at the death yak but do no damage.
The death yak appears confused.
You barely miss the death yak. The death yak gores you!
You release spores at the death yak but do no damage.
The death yak gores you.
The death yak gores itself!
You release spores at the death yak!
The death yak is moderately wounded.
You catch the helpless death yak completely off-guard!
You release spores at the death yak!
The death yak appears confused.
The death yak is moderately wounded.
You release spores at the death yak!
The death yak appears confused.
The death yak is heavily wounded.
You release spores at the death yak!
The death yak appears confused.
The death yak is severely wounded.
You release spores at the death yak!
The death yak is almost dead.
You release spores at the death yak!
You kill the death yak!
Sif Muna accepts your kill.
You stop sporulating.
Your +1 trident of protection unmelds from your body.
Your +0 cloak unmelds from your body.
Your +2 hat unmelds from your body.
The +0 pair of gloves of Wisdom {rElec} unmelds from your body.
Your orb of light unmelds from your body.
Your +0 steam dragon scales unmelds from your body.
Your +1 trident of protection hums with potential!
Your Conjurations skill increases to level 7!
There is a stone staircase leading down here.
You climb downwards.
There is a stone staircase leading up here.
Found a glowing silver altar of Zin.
An orc comes into view.
It is wielding a +0 flail of protection.
A wyvern comes into view.
Cast which spell? (? or * to list)
Aiming: Sandblast (safe; 1% risk of failure)
Press: ? - help, Shift-Dir - straight line, f - orc priest
Aim: an orc priest, wielding a +0 dagger and wearing a +0 ring mail (haloed, 88% to hit)
The blast of sand hits the orc priest.
The orc priest is moderately wounded.
The orc priest hits you but does no damage.
A river rat comes into view.
The orc priest barely misses you.
The orc priest attacks as it pursues you!
The orc priest closely misses you.
There is a stone staircase leading up here.
The orc priest mumbles some strange prayers to Beogh against you.
Beogh smites you! The wyvern bites you.
You climb upwards.
There is a stone staircase leading down here.
You hit the orc priest but do no damage.
Your weapon exudes an aura of protection.
The orc priest is moderately wounded.
The orc priest hits you but does no damage.
You hit the orc priest.
The orc priest is heavily wounded.
The orc priest misses you.
You barely miss the orc priest.
The orc priest is heavily wounded.
The orc priest hits you but does no damage.
You hit the orc priest but do no damage.
The orc priest is heavily wounded.
The orc priest calls down the wrath of Beogh upon you.
Pain shoots through your body!
You hit the orc priest.
The orc priest is severely wounded.
The orc priest hits you but does no damage.
You puncture the orc priest!
You kill the orc priest!
Sif Muna accepts your kill.
No target in view!
Things that are here:
a +0 dagger; a +0 ring mail
There is a stone staircase leading down here.
You climb downwards.
The wyvern bites you but does no damage.
The orc hits you but does no damage. The river rat barely misses you.
The wyvern closely misses you. The hell rat bites you!
There is a stone staircase leading up here.
A river rat comes into view.
The orc attacks as it pursues you! The orc closely misses you.
The river rat twitches its whiskers.
The river rat attacks as it pursues you!
The river rat bites you but does no damage.
A quokka comes into view.
The hell rat bites you.
Found a potion of curing.
A wight comes into view. It is wielding a +2 battleaxe.
The orc closely misses you.
The river rat twitches its whiskers.
The hell rat attacks as it pursues you!
The hell rat bites you but does no damage.
The hell rat closely misses you.
The river rat attacks as it pursues you!
The river rat closely misses you.
Found a snail-covered altar of Cheibriados.
Reach: r) +1 trident (protect)
Press: ? - help, Dir - move target, f - hell rat
Aim: a hell rat (haloed, about 19% to evade your +1 trident of protection)
You reach to attack!
You puncture the hell rat!
Your weapon exudes an aura of protection.
The hell rat is severely wounded.
A rat comes into view.
The quokka twitches its whiskers.
You hit the hell rat.
The hell rat is almost dead.
Lodul the Thunderous comes into view.
He is wielding a +2 dire flail of draining.
The hell rat bites you.
You barely miss the hell rat.
The hell rat is almost dead.
A steam dragon comes into view.
The hell rat closely misses you.
You hit the hell rat.
You kill the hell rat!
Sif Muna accepts your kill.
A wight comes into view. It is wielding a +3 spear of freezing.
You puncture the river rat!
The river rat is severely wounded.
The river rat barely misses you.
A quokka comes into view.
You puncture the river rat!
You kill the river rat!
Sif Muna accepts your kill.
The wyvern bites you but does no damage.
You puncture the wyvern!
The wyvern is moderately wounded.
The wyvern bites you but does no damage.
You hit the wyvern.
The wyvern is heavily wounded.
The wyvern bites you.
* * * LOW HITPOINT WARNING * * *
The wyvern barely misses you.
Search for what [Enter for "throw", or ? for help]?
Okay, then.
Unknown command.
As you read the scroll of immolation, it crumbles to dust.
The creatures around you are filled with an inner flame!
The wyvern barely misses you.
A river rat comes into view.
Throw: 5 javelins
Press: ? - help, Shift-Dir - straight line, f - river rat
Aim: a river rat (57% to hit)
You throw a javelin.
The javelin completely misses the wyvern.
The javelin pierces through the quokka but does no damage.
The javelin barely misses the orc.
The javelin pierces through the river rat.
Flame seeps out of the river rat.
The river rat is moderately wounded.
The javelin pierces through the wight.
Flame seeps out of the wight.
The wight is moderately damaged.
The javelin pierces through Lodul!
Flame seeps out of Lodul.
Lodul is lightly wounded.
The javelin closely misses the river rat.
The wyvern misses you.
Lodul is engulfed in blazing flames.
Flame seeps out of Lodul.
The wyvern bites you but does no damage.
The river rat is engulfed in blazing flames.
Flame seeps out of the river rat.
The wight is engulfed in blazing flames.
Flame seeps out of the wight.
Lodul is engulfed in blazing flames.
Flame seeps out of Lodul.
Electricity crackles from Lodul's apparatus.
The bolt of lightning misses you.
The wyvern bites you but does no damage.
Throw: 4 javelins
Press: ? - help, Shift-Dir - straight line, f/p - river rat
Aim: a river rat (57% to hit)
You throw a javelin. The javelin barely misses the wyvern.
The javelin completely misses the quokka.
The javelin barely misses the orc.
The javelin barely misses the rat.
The javelin closely misses the wight.
The javelin pierces through Lodul!
Flame seeps out of Lodul.
Lodul is severely wounded.
The javelin pierces through the river rat!
The river rat is severely wounded.
The wyvern misses you.
The wight is engulfed in blazing flames.
Sif Muna accepts your kill.
The wight explodes!
The fiery explosion engulfs the wight!!
Sif Muna accepts your kill.
The fiery explosion engulfs Lodul!!
Flame seeps out of Lodul.
Lodul is almost dead.
The fiery explosion engulfs the steam dragon!!!
Sif Muna accepts your kill.
The steam dragon scales are intact enough to wear.
The fiery explosion engulfs the rat!!
Sif Muna accepts your kill.
The rat explodes!
The fiery explosion engulfs the orc!!
Sif Muna accepts your kill.
The fiery explosion engulfs the river rat!
Sif Muna accepts your kill.
The river rat explodes!
The fiery explosion engulfs the quokka!!
Sif Muna accepts your kill.
The quokka explodes!
The fiery explosion engulfs the wyvern!!
Sif Muna accepts your kill.
The wyvern explodes!
The fiery explosion engulfs you!!
* * * LOW HITPOINT WARNING * * *
The orc explodes!
The steam dragon explodes!
The fiery explosion engulfs Lodul!!!
Sif Muna accepts your kill.
Lodul explodes!
The fiery explosion engulfs the quokka!!
Sif Muna accepts your kill. x2
You feel a bit more experienced.
The fiery explosion engulfs the river rat!!
You kill the river rat!
Sif Muna accepts your kill.
The quokka explodes!
Sif Muna accepts your kill.
You feel a bit more experienced.
The wight explodes!
Training target 8.0 for Conjurations reached!
Your Conjurations skill increases to level 8!
You need to enable at least one skill for training.
Okay, then.
You are confused.
You feel invigorated.
You are engulfed in blazing flames.
You die...

............... .
..8..........>..... .
.................. .
.8...............
................
...............
......<.#####.#
...###...####§#####.#..#
... #...§§§°§§§@###....
.## #...§°Y########....
. ##.#.#.# ###....
#.#.#..# .......
..#.##..# ....... ..r..#
#..# ....._. ##....#
#.......... # z...!#
###....... #. #.


You could see a death yak.

Vanquished Creatures
  Harold (D:9)
  3 two-headed ogres
  A death yak (D:9)
  Lodul (D:10)
  2 cyclopes (D:11)
  An unseen horror (D:11)
  3 kobold demonologists
  A komodo dragon (D:12)
  A shadow (D:11)
  2 wraiths
  5 yaks
  3 wyverns
  3 vampire mosquitoes
  3 steam dragons
  An acid dragon (D:9)
  3 water moccasins
  A sky beast (D:8)
  5 orc warriors
  4 centaurs
  5 ogres
  2 kobold brigands
  3 bullfrogs
  2 elf zombies (D:4)
  A gnoll sergeant (D:9)
  3 elf skeletons (D:4)
  7 wights (D:10)
  5 killer bees (D:11)
  2 howler monkeys
  An electric eel (D:11)
  2 hounds
  5 orc priests
  Crazy Yiuf (D:5)
  A gnoll bouda (D:8)
  A jelly (D:6)
  2 sleepcaps (D:6)
  An iguana (D:7)
  10 orc wizards
  A hell rat (D:10)
  8 mummies (Ossuary)
  11 gnolls
  8 adders
  3 river rats (D:10)
  4 white imps
  A dart slug (D:5)
  36 orcs
  2 bats (D:1)
  4 endoplasms
  A giant cockroach (D:1)
  A gnoll zombie (Ossuary)
  4 goblins
  3 quokkas
  9 ball pythons
  4 frilled lizards
  A hobgoblin zombie (Ossuary)
  10 kobolds
  3 kobold zombies (Ossuary)
  An orc skeleton (D:4)
  3 orc zombies (Ossuary)
  5 rats
221 creatures vanquished.

Notes
Turn   | Place    | Note
-------+----------+-------------------------------------------
     0 | D:1      | jagoly the Gargoyle Monk began the quest for the Orb.
     0 | D:1      | Reached XP level 1. HP: 14/14 MP: 1/1
   153 | D:2      | Noticed an orc wizard
   155 | D:2      | Noticed an orc wizard
   343 | D:1      | Reached XP level 2. HP: 17/19 MP: 2/2
   623 | D:2      | Reached skill level 1 in Armour
   623 | D:2      | Reached XP level 3. HP: 22/23 MP: 3/3
   694 | D:2      | Reached XP level 4. HP: 21/29 MP: 4/4
   827 | D:4      | Found a broken altar of Ashenzari.
   839 | D:5      | Entered Level 5 of the Dungeon
   839 | D:5      | Noticed a vampire mosquito
   867 | D:4      | Reached XP level 5. HP: 25/33 MP: 5/5
   945 | D:4      | Found a bloodstained altar of Trog.
   945 | D:4      | Found an ancient bone altar of Kikubaaqudgha.
   949 | D:4      | Identified the +0 pair of gloves of Wisdom {rElec}
  1024 | D:4      | Noticed an ogre
  1032 | D:4      | Killed an ogre
  1158 | D:4      | Reached XP level 6. HP: 33/39 MP: 6/6
  1292 | D:4      | Reached skill level 5 in Axes
  1308 | D:4      | Found a sand-covered staircase.
  1317 | D:4      | Reached skill level 5 in Fighting
  1317 | D:4      | Reached XP level 7. HP: 32/44 MP: 7/7
  1337 | Ossuary  | Entered an ossuary
  1636 | D:4      | Found a hide-covered altar of Uskayaw.
  1696 | D:4      | Found a sacrificial altar of Ru.
  1838 | D:5      | Noticed a vampire mosquito
  1838 | D:5      | Noticed a vampire mosquito
  1852 | D:4      | Killed a vampire mosquito
  1853 | D:4      | Reached XP level 8. HP: 14/51 MP: 8/8
  2076 | D:5      | Found a runed translucent door.
  2077 | D:5      | Noticed Crazy Yiuf
  2088 | D:5      | Killed Crazy Yiuf
  2089 | D:5      | Reached skill level 5 in Armour
  2096 | D:5      | Identified the +6 hammer "Ogre's Doom" {venom, ^Drain rPois
                  | rN+++ Dex-4}
  2694 | D:6      | Reached XP level 9. HP: 56/56 MP: 9/9
  2957 | D:7      | Found a glowing golden altar of the Shining One.
  3028 | D:6      | Found a staircase to the Ecumenical Temple.
  3037 | Temple   | Entered the Ecumenical Temple
  3047 | Temple   | Became a worshipper of Sif Muna the Loreminder
  3047 | Temple   | Reached * piety under Sif Muna
  3047 | Temple   | Reached ** piety under Sif Muna
  3072 | D:6      | Learned a level 3 spell: Passwall
  3074 | D:6      | Learned a level 1 spell: Sandblast
  3078 | D:6      | Learned a level 3 spell: Stone Arrow
  3221 | D:7      | Reached skill level 1 in Earth Magic
  3843 | D:8      | Reached skill level 5 in Earth Magic
  3895 | D:8      | Reached XP level 10. HP: 29/64 MP: 10/10
  4160 | D:9      | Noticed a two-headed ogre
  4184 | D:9      | Noticed Harold
  4217 | D:8      | Reached *** piety under Sif Muna
  4303 | D:9      | Noticed a kobold demonologist
  4309 | D:9      | Killed a kobold demonologist
  4332 | D:10     | Entered Level 10 of the Dungeon
  4336 | D:10     | Noticed a two-headed ogre
  4389 | D:10     | Found a staircase to the Orcish Mines.
  4421 | D:9      | Found a stormy altar of Qazlal.
  4495 | D:8      | Reached skill level 10 in Axes
  4645 | D:10     | Killed a two-headed ogre
  4740 | D:11     | Noticed a cyclops
  4745 | D:11     | Killed a cyclops
  4746 | D:11     | Reached skill level 10 in Earth Magic
  4746 | D:11     | Reached skill level 1 in Spellcasting
  4800 | D:11     | Found Qolocaul's Distillery.
  4810 | D:11     | Bought a potion of haste for 120 gold pieces
  4810 | D:11     | Bought a potion of might for 48 gold pieces
  4810 | D:11     | Bought a potion of berserk rage for 60 gold pieces
  4825 | D:12     | Reached skill level 1 in Throwing
  4825 | D:12     | Reached XP level 11. HP: 64/68 MP: 9/14
  4907 | D:11     | Noticed a two-headed ogre
  4929 | D:11     | Killed a two-headed ogre
  4943 | D:11     | Reached skill level 1 in Conjurations
  4961 | D:11     | Found Ciesm's Book Boutique.
  5165 | D:11     | Found Ikhlask's Magic Scroll Shop.
  5188 | D:11     | Bought a scroll of fog for 48 gold pieces
  5210 | D:11     | Reached **** piety under Sif Muna
  5312 | D:11     | Noticed a cyclops
  5345 | D:11     | Killed a cyclops
  5364 | D:11     | Noticed a white ugly thing
  5452 | D:11     | Found Recuz's Armour Boutique.
  5634 | D:10     | Reached skill level 1 in Stealth
  5760 | D:10     | Noticed a death yak
  5760 | D:10     | Noticed a death yak
  5798 | D:10     | Noticed a death yak
  5915 | D:9      | Killed a two-headed ogre
  5916 | D:9      | Reached skill level 5 in Conjurations
  6046 | D:9      | Killed Harold
  6070 | D:9      | Killed a death yak
  6076 | D:10     | Found a glowing silver altar of Zin.
  6104 | D:10     | Found a snail-covered altar of Cheibriados.
  6107 | D:10     | Noticed Lodul
  6116 | D:10     | Killed Lodul
  6117 | D:10     | Engulfed by a cloud of flame

Illustrated notes

Levels and vault maps discovered:
D:1:      minmay_arrival_nine_rooms, layout_loops_ring, minmay_misc_feat_x
D:2:      layout_rooms, minmay_misc_feat_tower
D:3:      layout_basic, serial_park_tiny_1
D:4:      layout_basic, mainiacjoe_overflow_paths,
          mainiacjoe_overflow_small_starburst,
          mainiacjoe_overflow_six_doors_small,
          mainiacjoe_overflow_catwalk_spiral, nicolae_ossuary_entry_catacombs,
          st_stairs_12, kennysheep_generic_room_5
D:5:      layout_loops_ring, uniq_crazy_yiuf_cottage
D:6:      layout_loops_corners, minmay_temple_entry_poolview
D:7:      layout_basic, mainiacjoe_overflow_boulevard, okawaru_metal_pillars_3,
          serial_park_tiny_pond
D:8:      layout_basic
D:9:      layout_cave_pools, general_overflow_altar, uniq_harold
D:10:     layout_basic, slow_altar_1, zin_statuary, dpeg_lair_monsters,
          david_orc_3, corner_web_ring, uniq_lodul
D:11:     layout_loops_ring, serial_shops, nicolae_inconvenience_store, shop,
          shop, shop, serial_bayou, serial_bayou_shore_b, serial_bayou_shore_a,
          serial_bayou_shore_b, serial_bayou_shore_b
D:12:     layout_grid_maze, nicolae_hepliaklqana_ecumenical_no_more
Temple:   nicolae_temple_x_marks_the_god

Skill      XL: |  1  2  3  4  5  6  7  8  9 10 11 |
---------------+----------------------------------+-----
Axes           | 3 4 5 6 7 8 10 | 10.0
Armour         | 1 2 3 4 5 6 |  6.1
Fighting       | 4 5 6 8 |  8.1
Dodging        | 3 |  3.2
Earth Magic    | 5 10 | 10.0
Spellcasting   | 2 4 |  4.0
Throwing       | 1 2 |  2.0
Conjurations   | 8 |  8.0
Stealth        | 2 |  2.0

Action                     |  1- 3 |  4- 6 |  7- 9 | 10-12 || total
---------------------------+-------+-------+-------+-------++-------
  Melee: Hand axe          |    80 |    61 |       |       ||   141
         Trident           |       |    88 |   442 |   245 ||   775
         Unarmed           |       |       |       |    13 ||    13
  Throw: Stone             |       |     3 |     5 |     3 ||    11
         Dart              |       |       |     3 |    23 ||    26
         Javelin           |       |       |       |     2 ||     2
   Cast: Sandblast         |       |       |       |   110 ||   110
         Stone Arrow       |       |       |       |    22 ||    22
         Passwall          |       |       |       |     1 ||     1
 Invoke: Channel Magic     |       |       |       |     1 ||     1
    Use: Scroll            |       |       |       |    12 ||    12
         Potion            |       |       |       |     2 ||     2
   Stab: Confused          |       |       |       |     2 ||     2
         Distracted        |       |       |       |     1 ||     1
 Armour: Robe              |    14 |       |       |       ||    14
         Scale mail        |    35 |    45 |       |       ||    80
         Chain mail        |       |    70 |   294 |       ||   364
         Steam dragon scal |       |       |    93 |   312 ||   405
         Skin              |       |       |       |     2 ||     2
  Dodge: Dodged            |    46 |    63 |   216 |   195 ||   520
